 Dungeon Crawl Stone Soup version 0.29.1-2-gbd0b4ee654 (webtiles) character file.

Game seed: 2413328732131327446

124 Raikaria the Sneak (level 5, 0/32 HPs)
             Began as a Kobold Brigand on Nov 7, 2022.
             Drowned by a drowned soul (2 damage)
             ... summoned by a malarious merfolk avatar
             ... in a sewer.
             The game lasted 00:06:27 (1535 turns).

Raikaria the Sneak (Kobold Brigand)                 Turns: 1535, Time: 00:06:28

Health: 0/32       AC: 10    Str: 14    XL:     5   Next: 30%
Magic:  5/5        EV: 14    Int: 12    God:
Gold:   93         SH:  0    Dex: 19    Spells: 4/4 levels left

rFire   . . .      SeeInvis .   n - +2 dagger (protect)
rCold   . . .      Faith    .   (no shield)
rNeg    . . .      Spirit   .   b - +0 robe
rPois   +          Reflect  .   (no helmet)
rElec   .          Harm     .   c - +0 cloak
rCorr   .          Rampage  .   (no gloves)
Will    .....                   (no boots)
Stlth   +++.......              (no amulet)
HPRegen 0.10/turn               m - ring of poison resistance
MPRegen 0.09/turn               j - +6 ring of strength

@: about to teleport, under a protective aura, mesmerised, very slow
A: small, no large weapons, nightstalker 3
a: no special abilities


You were in a sewer.
You visited 1 branch of the dungeon, and saw 4 of its levels.
You also visited: Sewer.

You collected 93 gold pieces.

Inventory:

Hand Weapons
 a - a +2 dagger
 n - a +2 dagger of protection (weapon)
Missiles
 d - 9 poisoned darts (quivered)
 e - 3 curare-tipped darts
Armour
 b - a +0 robe (worn)
 c - a +0 cloak (worn)
 h - a +0 leather armour
Jewellery
 i - a ring of resist corrosion
 j - a +6 ring of strength (right hand)
 m - a ring of poison resistance (left hand)
Scrolls
 g - a scroll of teleportation
 k - a scroll of blinking {unknown}
 l - a scroll of identify {unknown}
Potions
 f - 4 potions of flight


   Skills:
 + Level 3.6 Fighting
 + Level 4.4 Short Blades
 - Level 2.1 Throwing
 - Level 1.2 Dodging
 + Level 6.6 Stealth


You had 4 spell levels left.
You didn't know any spells.
Your spell library contained the following spells:

 Spells                   Type           Power      Damage    Failure   Level
 Conjure Flame            Conj/Fire      0%         6-21      69%         3
 Ignite Poison            Fire/Tmut/Pois 0%         N/A       69%         3
 Sticky Flame             Conj/Fire      0%         2d3       97%         4


Dungeon Overview and Level Annotations

Branches:
Dungeon (4/15)              Sewer (1/1)
 Temple: D:4-7

Altars:

Shops:
D:1 *   D:3 (


Innate Abilities, Weirdness & Mutations

You are small and have problems with some larger weapons.
You are completely attuned to the shadows.


Message History

The adder barely misses you. The frilled lizard barely misses you.
The malarious merfolk avatar chants its luring song.
You hit the adder.
The adder is almost dead.
You feel sick.
The drowned soul returns to the deep!
The drowned soul touches you. The drowned soul drowns you.
* * * LOW HITPOINT WARNING * * *
The adder completely misses you.
You feel sick.
You are no longer poisoned.
The malarious merfolk avatar chants its luring song.
The frilled lizard misses you. The adder barely misses you.
The malarious merfolk avatar chants its luring song.
The frilled lizard barely misses you. The adder bites you but does no damage.
You cannot move away from the malarious merfolk avatar!
The frilled lizard barely misses you.
The malarious merfolk avatar chants its luring song.
The adder barely misses you.
You hit the malarious merfolk avatar but do no damage.
The frilled lizard misses you.
The malarious merfolk avatar chants its luring song.
The adder misses you.
You hit the adder.
You kill the adder!
The frilled lizard misses you.
Your unstable footing causes you to fumble your attack.
The frilled lizard bites you.
* * * LOW HITPOINT WARNING * * *
The malarious merfolk avatar chants its luring song.
Your unstable footing causes you to fumble your attack.
The frilled lizard closely misses you.
You barely miss the frilled lizard.
The malarious merfolk avatar chants its luring song.
Okay, then.
As you read the scroll of teleportation, it crumbles to dust.
You feel strangely unstable.
The drowned soul returns to the deep!
The frilled lizard misses you.
The malarious merfolk avatar chants its luring song.
The drowned soul touches you. The drowned soul drowns you.
You die...

#..###..# ##~≈≈≈≈≈
###~~# ##.## #~~~≈≈≈≈≈
...~≈# #..###~~~~≈≈≈≈
#########..#~~~~~~~~≈≈
# ≈≈≈~~~~~~~~~~~~~≈ ≈#
####..#~~~~~~~~≈≈ ##
#..###~~~†≈≈≈≈ #..#
#.~†l≈≈≈≈ #..#
#.~@mW≈≈≈ ####
#.~~≈≈≈≈≈ +.~≈≈≈≈≈≈
#~≈≈≈≈≈≈ ≈≈≈≈≈≈≈≈


You could see a malarious merfolk avatar (mesmerising), a drowned soul
(summoned) and a frilled lizard.

Vanquished Creatures
  A merfolk siren (Sewer)
  2 adders
  3 river rats
  3 orcs (D:3)
  7 ball pythons
  3 bats
  An endoplasm (D:1)
  5 giant cockroaches
  A goblin (D:1)
  2 hobgoblins (D:2)
  5 kobolds
  A quokka (Sewer)
  3 frilled lizards (Sewer)
  24 rats
  A spectral goblin (D:1)
62 creatures vanquished.

Notes
Turn   | Place    | Note
-------+----------+-------------------------------------------
     0 | D:1      | Raikaria the Kobold Brigand began the quest for the Orb.
     0 | D:1      | Reached XP level 1. HP: 12/12 MP: 1/1
    95 | D:1      | Found a faded altar of an unknown god.
   136 | D:1      | Found Fomak's General Store.
   273 | D:1      | Reached XP level 2. HP: 18/18 MP: 2/2
   705 | D:2      | Reached XP level 3. HP: 22/22 MP: 3/3
   721 | D:2      | You fall into a shaft and drop 2 floors!
   813 | D:3      | Found Uveuxtiw's Weapon Emporium.
   996 | D:3      | Reached skill level 6 in Stealth
   999 | D:3      | Found a glowing drain.
  1003 | Sewer    | Entered a sewer
  1032 | Sewer    | Reached XP level 4. HP: 28/28 MP: 4/4
  1460 | Sewer    | Reached XP level 5. HP: 26/32 MP: 5/5
  1514 | Sewer    | Noticed a malarious merfolk avatar
  1535 | Sewer    | Drowned by a drowned soul

Illustrated notes

Levels and vault maps discovered:
D:1:      dpeg_arrival_houses_and_road, layout_basic,
          dreamdust_ecumenical_altar_drowned_temple, serial_shops, shop
D:2:      layout_loops_ring
D:3:      layout_loops_ring, nicolae_qazlal_general_emergency,
          amethyst_overflow_temple_binary, serial_shops, shop,
          gup_sewer_entry_bowl, minmay_misc_feat_iff
D:4:      layout_loops_ring, mainiacjoe_overflow_alcove_1,
          gammafunk_ghost_necromancy, nicolae_specific_store, minivault_24,
          uniq_blork_the_orc
Sewer:    sewer_sea

Skill      XL: |  1  2  3  4 |
---------------+-------------+-----
Short Blades   | 3 4 |  4.4
Fighting       | 3 |  3.6
Stealth        | 6 |  6.6
Throwing       | |  2.1
Dodging        | |  1.2

Action                   |  1- 3 |  4- 6 || total
-------------------------+-------+-------++-------
Melee: Dagger            |    54 |   144 ||   198
       Punch             |     1 |     1 ||     2
  Use: Potion            |       |     2 ||     2
       Scroll            |       |     1 ||     1
 Stab: Sleeping          |    18 |     4 ||    22
Armor: Robe              |     7 |    54 ||    61
Dodge: Dodged            |    17 |   121 ||   138
